 Dungeon Crawl Stone Soup version 0.29-a0-284-gf9362112df (webtiles) character file.

Game seed: 18216185685774331969

8611 zazu2006 the Reanimator (level 11, 0/90 HPs)
             Began as a Deep Dwarf Necromancer on Mar 24, 2022.
             Was a Believer of Vehumet.
             Killed from afar by a steam dragon (5 damage)
             ... with a ball of steam
             ... on level 10 of the Dungeon on Mar 25, 2022.
             The game lasted 00:30:42 (12340 turns).

zazu2006 the Reanimator (Deep Dwarf Necromancer)   Turns: 12340, Time: 00:30:43

Health: 0/90       AC: 11    Str: 14    XL:     11   Next: 12%
Magic:  24/24      EV: 12    Int: 18    God:    Vehumet [**....]
Gold:   1451       SH:  0    Dex: 13    Spells: 23/28 levels left

rFire   + . .      SeeInvis .   k - +4 club (spect)
rCold   . . .      Faith    .   A - orb {guile}
rNeg    . . .      Spirit   .   J - +3 ring mail {rF+}
rPois   .          Reflect  .   y - +0 helmet
rElec   .          Harm     .   (no cloak)
rCorr   .          Rampage  .   H - +0 pair of gloves
Will    .....                   (no boots)
Stlth   ++........              (no amulet)
HPRegen 0.00/turn               (no ring)
MPRegen 0.19/turn               (no ring)

@: no status effects
A: damage resistance, heal wounds, sense surroundings 2, no regeneration
a: Heal Wounds, Renounce Religion


You were on level 10 of the Dungeon.
You worshipped Vehumet.
Vehumet was pleased with you.
You visited 2 branches of the dungeon, and saw 11 of its levels.
You also visited: Bailey.

You collected 1451 gold pieces.

Inventory:

Hand Weapons
 e - a +3 dagger
 k - a +4 spectral club (weapon)
 N - the +4 dagger "Morg" {pain, Will+ Int+5}
   (You found it on level 10 of the Dungeon)

   In the hands of one skilled in necromantic magic, it inflicts extra damage on
   living creatures.
   Int:       It affects your intelligence (+5).
   Will:      It increases your willpower.
Missiles
 f - 117 stones
 u - a throwing net
 L - 8 datura-tipped darts
Armour
 s - a +0 leather armour
 y - a +0 helmet (worn)
 A - an orb of guile (worn)
 H - a +0 pair of gloves (worn)
 J - a +3 ring mail of fire resistance (worn)
Jewellery
 j - a +6 ring of strength
 l - a ring of ice
Wands
 m - a wand of charming (3)
 z - a wand of flame (43)
 B - a wand of paralysis (1)
 G - a wand of iceblast (3)
 K - a wand of digging (6)
 M - a wand of acid (5)
Scrolls
 a - a scroll of immolation
 d - a scroll of identify
 g - a scroll of vulnerability {unknown}
 i - 4 scrolls of teleportation
 o - 2 scrolls of summoning
 p - a scroll of blinking
 q - a scroll of fog {unknown}
 r - a scroll of fear
 t - a scroll of brand weapon {unknown}
 v - 2 scrolls of torment
 E - a scroll of noise
 F - a scroll of silence
 O - a scroll of magic mapping
Potions
 b - 2 potions of haste {unknown}
 c - 7 potions of curing
 h - 6 potions of lignification {unknown}
 n - a potion of heal wounds
 w - a potion of might
 x - a potion of brilliance {unknown}
 C - a potion of degeneration {unknown}
 D - 2 potions of mutation {unknown}
 I - a potion of cancellation {unknown}


   Skills:
 + Level 3.0 Fighting
 + Level 4.0 Armour
 + Level 4.8 Dodging
 + Level 6.1 Stealth
 + Level 9.3 Spellcasting
 + Level 12.6 Necromancy
 + Level 2.3 Evocations


You had 23 spell levels left.
You knew the following spells:

 Your Spells              Type           Power      Damage    Failure   Level
a - Pain                  Necr           100%       1d9       1%          1
b - Vampiric Draining     Necr           52%        2d9       1%          3
c - Magic Dart            Conj           32%        1d4       16%         1

Your spell library contained the following spells:

 Spells                   Type           Power      Damage    Failure   Level
 Conjure Flame            Conj/Fire      8%         6-21      43%         3
 Animate Skeleton         Necr           100%       N/A       1%          1
 Animate Dead             Necr           26%        N/A       1%          4
 Agony                    Necr           52%        N/A       2%          5
 Beastly Appendage        Tmut           16%        N/A       16%         1
 Scorch                   Fire           16%        2d6       24%         2
 Wereblood                Tmut           8%         N/A       24%         2
 Spider Form              Tmut/Pois      8%         N/A       43%         3
 Flame Wave               Conj/Fire      8%         2d5       85%         4
 Summon Cactus Giant      Summ           4%         N/A       100%        6


Dungeon Overview and Level Annotations

Branches:
Dungeon (10/15)            Temple (1/1) D:6          Bailey (visited)
   Lair: D:8-11         Orc: D:9-12

Altars:
Ashenzari
Cheibriados
Hepliaklqana
Makhleb
Trog
Uskayaw
Vehumet
Wu Jian
The Shining One

Shops:
D:5 (   D:6 *   D:7 *


Innate Abilities, Weirdness & Mutations

You are resistant to damage.
You can heal yourself by infusing magical energy.
You passively map the area around you.
You do not regenerate.


Message History

There is an open door here.
You now have 1443 gold pieces (gained 10).
Things that are here:
a +0 giant spiked club; a +0 giant club
Things that are here:
a +0 giant spiked club; a +0 giant club
There is an open door here.
You open the door.
There is an open door here.
There is an open door here.
Things that are here:
a +5 dire flail; a +0 robe; a +0 troll leather armour You open the door.
There is an open door here.
You open the door.
There is an open door here.
You open the door.
There is an open door here.
You open the door.
Found a stone staircase leading up.
You open the door.
There is an open door here.
You now have 1451 gold pieces (gained 8).
You open the door.
There is an open door here.
You open the door.
Found a hand axe.
There is an open door here.
Found a stone staircase leading down.
O - a scroll of magic mapping You open the door.
There is an open door here.
As you open the door, it creaks loudly!
There is an open door here.
You open the door.
A steam dragon comes into view.
The steam dragon hisses angrily.
The steam dragon breathes steam at you. The ball of steam hits you. You resist.
You die...

,,,,,,,**,,*,,,*,,,,*#...........
,,,,,,,**,,*,,,*,,,,*#...........
,,,,,,,**,,*,,,+,,,,*#...........
,,,,,,,,,,,,,,,*,,,,*###'####..##
***+******######,,,,***#....#..##
,,*,,**,,,,.....,,,,,,,#..#.#..##
,,*,,**,,,,,,D§.,,,,,,,#....#..##
,#######+######§########....#####
,#..............@................
,#..............#############+###
,#...............................
##.......)....)..................
............≈≈≈≈≈≈≈..............
............≈#####≈..............
............≈#...#≈..............
............≈#.))#≈..............
####+###'##.≈#.).#≈.........#####


There were no monsters in sight!

Vanquished Creatures
  2 two-headed ogres
  An orc knight (Bailey)
  Joseph (D:8)
  Grinder (D:6)
  2 trolls
  A wraith (D:9)
  3 wyverns
  4 yaks (D:10)
  Duvessa (D:7)
  2 water moccasins
  A sky beast (D:6)
  A black bear (D:5)
  5 orc warriors
  An ogre (D:7)
  A centaur (D:6)
  A phantom (D:6)
  6 kobold brigands (Bailey)
  A gnoll sergeant (D:8)
  5 bullfrogs
  2 necrophages
  3 scorpions
  7 wights (D:10)
  Dowan (D:7)
  15 killer bees
  8 howler monkeys
  5 hounds
  A jelly (D:6)
  12 orc priests
  An iguana (D:6)
  Jessica (D:2)
  Natasha (twice) (D:2)
  8 orc wizards
  12 gnolls
  6 adders
  2 white imps
  2 ufetubi
  2 worms
  2 dart slugs
  24 orcs
  10 bats
  2 endoplasms
  4 giant cockroaches
  9 goblins
  5 hobgoblins
  4 jackals (D:4)
  5 quokkas
  4 ball pythons
  2 frilled lizards (D:2)
  14 kobolds
  4 rats
219 creatures vanquished.

Vanquished Creatures (collateral kills)
  A yak (D:10)
1 creature vanquished.

Vanquished Creatures (others)
  A yak (D:10)
  9 plants (D:4)
10 creatures vanquished.

Grand Total: 230 creatures vanquished

Notes
Turn   | Place    | Note
-------+----------+-------------------------------------------
     0 | D:1      | zazu2006 the Deep Dwarf Necromancer began the quest for the
                  | Orb.
     0 | D:1      | Reached XP level 1. HP: 15/15 MP: 3/3
   549 | D:1      | Reached XP level 2. HP: 20/22 MP: 1/4
   914 | D:2      | Reached skill level 5 in Necromancy
   985 | D:2      | Reached XP level 3. HP: 13/28 MP: 0/6
   992 | D:2      | Learned a level 3 spell: Vampiric Draining
  1118 | D:2      | Noticed Jessica
  1123 | D:2      | Killed Jessica
  1264 | D:2      | Identified the +5 spear of Paper {venom, *Noise rCorr Str-4
                  | Dex+8}
  1272 | D:2      | Reached XP level 4. HP: 35/36 MP: 3/7
  1341 | D:2      | Found a faded altar of an unknown god.
  1649 | D:2      | Noticed Natasha
  1658 | D:2      | Killed Natasha
  1715 | D:2      | Noticed Natasha
  1720 | D:2      | Killed Natasha
  2449 | D:3      | Reached XP level 5. HP: 43/43 MP: 1/9
  3010 | D:4      | Reached skill level 6 in Necromancy
  3096 | D:4      | Reached XP level 6. HP: 37/50 MP: 2/11
  3984 | D:5      | Entered Level 5 of the Dungeon
  4011 | D:5      | Found Sucruco's Antique Weapon Shoppe.
  4342 | D:5      | Reached XP level 7. HP: 48/56 MP: 13/13
  4351 | D:5      | Reached skill level 7 in Necromancy
  4359 | D:5      | Reached skill level 5 in Spellcasting
  5431 | D:6      | Noticed Grinder
  5492 | D:7      | Reached skill level 8 in Necromancy
  5492 | D:7      | Reached XP level 8. HP: 16/63 MP: 1/16
  5779 | D:7      | Found Muffimp's Lightly-Used Armoury.
  6054 | D:6      | Found a staircase to the Ecumenical Temple.
  6247 | Temple   | Entered the Ecumenical Temple
  6343 | Temple   | Became a worshipper of Vehumet
  6669 | D:6      | Killed Grinder
  6670 | D:6      | Reached skill level 1 in Fighting
  6670 | D:6      | Reached skill level 9 in Necromancy
  6795 | D:6      | Gained mutation: You passively map the area around you.
                  | [Deep Dwarf growth]
  6795 | D:6      | Reached XP level 9. HP: 36/70 MP: 7/19
  7326 | D:6      | Found Niugiath's Fire Supplies.
  7829 | D:7      | Noticed Duvessa
  7831 | D:7      | Noticed Dowan
  7845 | D:7      | Reached skill level 10 in Necromancy
  7856 | D:7      | Killed Duvessa
  7939 | D:7      | Killed Dowan
  8418 | D:8      | Reached skill level 1 in Armour
  8541 | D:8      | Reached * piety under Vehumet
  8541 | D:8      | Offered knowledge of Magic Dart by Vehumet.
  8544 | D:8      | Learned a level 1 spell: Magic Dart
  8804 | D:8      | Noticed Joseph
  9070 | D:8      | Killed Joseph
  9071 | D:8      | Reached skill level 5 in Stealth
  9414 | D:8      | Reached XP level 10. HP: 32/80 MP: 21/21
  9419 | D:8      | Reached skill level 11 in Necromancy
  9552 | D:9      | Noticed a two-headed ogre
  9875 | D:9      | Killed a two-headed ogre
  9876 | D:9      | Reached skill level 1 in Evocations
 10310 | D:9      | Reached ** piety under Vehumet
 10521 | D:9      | Offered knowledge of Shock by Vehumet.
 10954 | D:10     | Entered Level 10 of the Dungeon
 10997 | D:10     | Noticed a two-headed ogre
 11009 | D:10     | Killed a two-headed ogre
 11010 | D:10     | Reached skill level 12 in Necromancy
 11089 | D:10     | Found a flagged portal.
 11098 | Bailey   | Entered a bailey
 11346 | Bailey   | Noticed an orc knight
 11375 | Bailey   | Killed an orc knight
 11514 | Bailey   | Found a bloodstained altar of Trog.
 11609 | D:10     | Reached XP level 11. HP: 21/88 MP: 1/24
 11844 | D:10     | Offered knowledge of Conjure Flame by Vehumet.
 11941 | D:10     | HP: 4/90 [wyvern (9)]
 11986 | D:10     | Found the +4 dagger "Morg" {pain, Will+ Int+5}
 12340 | D:10     | Killed from afar by a steam dragon

Illustrated notes

Levels and vault maps discovered:
D:1:      dpeg_arrival_fog, layout_loops_cross
D:2:      layout_loops_ring, ebering_ecumenical_altar_sacrificial,
          minmay_pentomino_v2, uniq_jessica, uniq_natasha
D:3:      layout_loops_cross, serial_bayou_ford_a
D:4:      wad_lake_hut, layout_loops_ring
D:5:      layout_basic, nicolae_take_the_stairs, chequers_serial_rivers_micro_c,
          minmay_misc_feat_x, roderic_batcave
D:6:      minmay_recursive_quarters, layout_basic,
          minmay_temple_entry_large_hall, nicolae_shop_fire_sale
          [nicolae_sub_dead_trees], uniq_grinder
D:7:      layout_loops_corners, minmay_shop_damaged, serial_park_tiny_pond,
          uniq_duvessa
D:8:      layout_loops_cross, uniq_joseph
D:9:      layout_basic, serial_rivers, chequers_serial_rivers_large_b,
          chequers_serial_rivers_micro_b, chequers_serial_rivers_small_3,
          chequers_serial_rivers_micro_b, chequers_serial_rivers_small_b
D:10:     layout_stronghold, kennysheep_mini_moat, enter_bailey_3
Temple:   nicolae_temple_the_god_donut

Skill      XL: |  1  2  3  4  5  6  7  8  9 10 11 |
---------------+----------------------------------+-----
Spellcasting   | 2 3 4 5 6 7 9 |  9.3
Necromancy     | 5 6 8 9 10 12 | 12.6
Stealth        | 3 4 5 6 |  6.1
Dodging        | 3 4 |  4.8
Fighting       | 1 2 3 |  3.0
Armour         | 2 3 4 |  4.0
Evocations     | 1 2 |  2.3

Action                   |  1- 3 |  4- 6 |  7- 9 | 10-12 || total
-------------------------+-------+-------+-------+-------++-------
Melee: Dagger            |    19 |       |       |       ||    19
       Club              |       |    20 |   174 |    79 ||   273
       Punch             |       |     1 |       |       ||     1
 Cast: Pain              |    35 |    92 |    11 |    21 ||   159
       Vampiric Draining |     5 |    13 |   119 |    85 ||   222
       Magic Dart        |       |       |       |     2 ||     2
Evoke: Wand              |       |       |    13 |    34 ||    47
  Use: Scroll            |       |       |       |    12 ||    12
       Potion            |       |       |       |     3 ||     3
 Stab: Sleeping          |       |     1 |     2 |       ||     3
       Paralysed         |       |       |    14 |    16 ||    30
       Distracted        |       |       |       |     1 ||     1
Armor: Robe              |     4 |     3 |    28 |       ||    35
       Leather armour    |       |       |    18 |     9 ||    27
       Ring mail         |       |       |       |    25 ||    25
Dodge: Dodged            |    17 |    38 |   201 |   121 ||   377

Table legend: (Time is in decaauts)
 A = Elapsed time spent in this place.
 B = Non-inter-level travel time spent in this place.
 C = Inter-level travel time spent in this place.
 D = Time resting spent in this place.
 E = Time spent auto-exploring this place.
 F = Levels seen in this place.
 G = Mean time per level.
                   A        B        C        D        E       F      G
               +--------+--------+--------+--------+--------+-----+--------+
         Total |  12532 |  12270 |    262 |    607 |   9621 |  12 | 1044.3 |
       Dungeon |  11933 |  11684 |    249 |    495 |   9322 |  10 | 1193.3 |
        Temple |    109 |     96 |     13 |      0 |     86 |   1 |  109.0 |
        Bailey |    489 |    489 |      0 |    112 |    213 |   1 |  489.0 |
               +--------+--------+--------+--------+--------+-----+--------+

Top non-repeatable levels by time:
     D:6: 1528 daAuts
     D:7: 1424 daAuts
     D:5: 1402 daAuts
     D:9: 1384 daAuts
     D:2: 1287 daAuts
     D:4: 1258 daAuts
     D:8: 1216 daAuts
    D:10: 939 daAuts
     D:1: 783 daAuts
     D:3: 709 daAuts
  Bailey: 489 daAuts
  Temple: 109 daAuts
